 Dungeon Crawl Stone Soup version 0.30-a0-222-ge547ba4400 (webtiles) character file.

Game seed: 1731041109126999139

26 BlueGoblin the Vexing (level 2, -1/16 HPs)
             Began as a Deep Elf Hexslinger on Oct 8, 2022.
             Slain by a quokka (2 damage)
             ... on level 1 of the Dungeon.
             The game lasted 00:00:43 (435 turns).

BlueGoblin the Vexing (Deep Elf Hexslinger)          Turns: 435, Time: 00:00:44

Health: -1/16      AC:  2    Str:  7    XL:     2   Next: 89%
Magic:  0/6        EV: 12    Int: 17    God:
Gold:   79         SH:  0    Dex: 15    Spells: 3/4 levels left

rFire   . . .      SeeInvis .    a - +1 sling
rCold   . . .      Faith    .    (no shield)
rNeg    . . .      Spirit   +    c - +0 robe
rPois   .          Reflect  .    (no helmet)
rElec   .          Harm     .    (no cloak)
rCorr   .          Rampage  .    (no gloves)
Will    .....                    (no boots)
Stlth   +.........               d - amulet of guardian spirit
HPRegen 0.22/turn                (no ring)
MPRegen 0.10/turn                (no ring)

@: no status effects
A: no striking features
a: no special abilities


You were on level 1 of the Dungeon.
You visited 1 branch of the dungeon, and saw 1 of its levels.

You collected 79 gold pieces.

Inventory:

Hand Weapons
 a - a +1 sling (weapon)
Armour
 c - a +0 robe (worn)
Jewellery
 d - an amulet of guardian spirit (around neck)
Scrolls
 b - a scroll of poison
 e - a scroll of identify {unknown}
 f - a scroll of magic mapping {unknown}


   Skills:
 + Level 1.1 Fighting
 + Level 3.6 Ranged Weapons
 + Level 2.5 Dodging
 + Level 1.6 Spellcasting
 + Level 4.6 Hexes


You had 3 spell levels left.
You knew the following spells:

 Your Spells              Type           Power      Damage    Failure   Level
a - Slow                  Hex            68%        N/A       3%          1

Your spell library contained the following spells:

 Spells                   Type           Power      Damage    Failure   Level
 Inner Flame              Hex/Fire       9%         N/A       24%         3
 Portal Projectile        Hex/Tloc       18%        N/A       24%         3
 Cause Fear               Hex            8%         N/A       30%         4


Dungeon Overview and Level Annotations

Branches:
Dungeon (1/15)

Altars:

Shops:
D:1 *


Message History

The quokka barely misses you.
Unknown command.
Fire: a) +1 sling
Press: ? - help, Shift-Dir - straight line, f/p - rat
Aim: a rat (heavily wounded, 57% to hit)
You shoot a sling bullet.
The sling bullet barely misses the quokka.
The sling bullet barely misses the rat.
The quokka misses you.
Unknown command.
Fire: a) +1 sling
Press: ? - help, Shift-Dir - straight line, f/p - rat
Aim: a rat (heavily wounded, 57% to hit)
You shoot a sling bullet. The sling bullet misses the quokka.
The sling bullet hits the rat but does no damage.
The rat is heavily wounded.
The quokka bites you.
* * * LOW HITPOINT WARNING * * *
Unknown command.
Fire: a) +1 sling
Press: ? - help, Shift-Dir - straight line, f/p - rat
Aim: a rat (heavily wounded, 57% to hit)
You shoot a sling bullet.
The sling bullet barely misses the quokka.
The sling bullet hits the rat.
You kill the rat!
The quokka bites you.
* * * LOW HITPOINT WARNING * * *
Fire: a) +1 sling
Press: ? - help, Shift-Dir - straight line, f - quokka
Aim: a quokka (almost dead, slow, 46% to hit)
You shoot a sling bullet.
The sling bullet closely misses the quokka.
The quokka bites you.
Unknown command.
Fire: a) +1 sling
Press: ? - help, Shift-Dir - straight line, f/p - quokka
Aim: a quokka (almost dead, slow, 46% to hit)
You shoot a sling bullet. The sling bullet misses the quokka.
The quokka bites you.
You die...

##################
........†........#######
.....#####.............#
.....# #.###.#.#####.
.....# #.# #.#@# .....##
#.# #.#r# ......# #.#
#.......... ......# #.#
###.#####># ......# #)#
#.# ......# #.# #.#
......# ... .....## ###
#...##


You could see a quokka (slow).

Vanquished Creatures
  A dart slug (D:1)
  2 bats (D:1)
  3 endoplasms (D:1)
  3 goblins (D:1)
  2 hobgoblins (D:1)
  A jackal (D:1)
  A quokka (D:1)
  A ball python (D:1)
  2 frilled lizards (D:1)
  3 kobolds (D:1)
  3 rats (D:1)
22 creatures vanquished.

Notes
Turn   | Place    | Note
-------+----------+-------------------------------------------
     0 | D:1      | BlueGoblin the Deep Elf Hexslinger began the quest for the
                  | Orb.
     0 | D:1      | Reached XP level 1. HP: 11/11 MP: 5/5
   121 | D:1      | Reached XP level 2. HP: 16/16 MP: 6/6
   230 | D:1      | Found Nosiud's General Store.
   264 | D:1      | Reached skill level 1 in Fighting
   293 | D:1      | Found a faded altar of an unknown god.
   435 | D:1      | Slain by a quokka

Illustrated notes

Levels and vault maps discovered:
D:1:      dpeg_arrival_rooms_with_view, layout_loops_ring, serial_shops,
          nicolae_shop_waterfront, shapermc_ecumenical_altar_ellora

Skill      XL: |  1  2 |
---------------+-------+-----
Ranged Weapons | 3 |  3.6
Fighting       | 1 |  1.1
Dodging        | |  2.5
Spellcasting   | |  1.6
Hexes          | |  4.6

Action                   || total
-------------------------++-------
 Fire: Sling             ||    75
 Cast: Slow              ||     1
Armor: Robe              ||     6
Dodge: Dodged            ||    18

Table legend: (Time is in decaauts)
 A = Elapsed time spent in this place.
 B = Non-inter-level travel time spent in this place.
 C = Inter-level travel time spent in this place.
 D = Time resting spent in this place.
 E = Time spent auto-exploring this place.
 F = Levels seen in this place.
 G = Mean time per level.
                   A        B        C        D        E       F      G
               +--------+--------+--------+--------+--------+-----+--------+
         Total |    453 |    453 |      0 |      0 |    330 |   1 |  453.0 |
       Dungeon |    453 |    453 |      0 |      0 |    330 |   1 |  453.0 |
               +--------+--------+--------+--------+--------+-----+--------+

Top non-repeatable levels by time:
     D:1: 453 daAuts
